 Dungeon Crawl Stone Soup version 0.29.1-1-gd02db6906a (webtiles) character file.

Game seed: 11793062227428861769

1686 groovy9 the Geomancer (level 9, -2/45 HPs)
             Began as a Gargoyle Earth Elementalist on Sept 19, 2022.
             Was a Follower of Vehumet.
             Slain by a kobold brigand
             ... wielding a +1 dagger of distortion
              (25 damage)
             ... on level 3 of the Dungeon.
             The game lasted 00:20:18 (6944 turns).

groovy9 the Geomancer (Gargoyle Earth Elementalist) Turns: 6944, Time: 00:20:19

Health: -2/45      AC: 15    Str: 13      XL:     9   Next: 2%
Magic:  10/19      EV: 15    Int: 19      God:    Vehumet [*.....]
Gold:   180        SH:  4    Dex:  9 (10) Spells: 17/21 levels left

rFire   . . .      SeeInvis .   a - +0 short sword (holy)
rCold   . . .      Faith    .   i - +2 buckler {AC+3}
rNeg    + . .      Spirit   .   j - +0 robe
rPois   ∞          Reflect  .   e - +0 helmet
rElec   +          Harm     .   t - +0 cloak
rCorr   .          Rampage  .   y - +0 pair of gloves
Will    +....                   s - +0 pair of boots
Stlth   ++........              (no amulet)
HPRegen 0.15/turn               x - +4 ring of evasion
MPRegen 0.16/turn               n - ring of willpower

@: no status effects
A: sickness immunity, AC +6, negative energy resistance 1, electricity
resistance, torment resistance 1, petrification resistance
a: Renounce Religion


You were on level 3 of the Dungeon.
You worshipped Vehumet.
Vehumet was aware of your devotion.
You visited 2 branches of the dungeon, and saw 7 of its levels.

You collected 453 gold pieces.
You spent 273 gold pieces at shops.

Inventory:

Hand Weapons
 a - a +0 short sword of holy wrath (weapon)
Missiles
 c - 10 poisoned darts
Armour
 e - a +0 helmet (worn)
 i - a +2 buckler of protection (worn)
 j - a +0 robe (worn)
 s - a +0 pair of boots (worn)
 t - a +0 cloak (worn)
 v - a +1 leather armour of poison resistance
 y - a +0 pair of gloves (worn)
Magical Staves
 b - a staff of conjuration
 o - a staff of death
Jewellery
 h - a +6 ring of strength
 n - a ring of willpower (right hand)
 x - a +4 ring of evasion (left hand)
Wands
 f - a wand of iceblast (11)
 m - a wand of charming (11)
 z - a wand of flame (10)
Scrolls
 k - a scroll of teleportation {unknown}
 q - a scroll of amnesia {unknown}
 r - a scroll of summoning {unknown}
 u - a scroll of noise {unknown}
Potions
 d - 3 potions of magic
 g - 2 potions of attraction
 l - 2 potions of curing
 p - a potion of degeneration {unknown}
 w - a potion of lignification {unknown}


   Skills:
 - Level 1.5 Dodging
 - Level 2.1 Stealth
 + Level 6.8 Spellcasting
 + Level 3.8 Conjurations
 - Level 2.1 Transmutations
 + Level 9.4 Earth Magic


You had 17 spell levels left.
You knew the following spells:

 Your Spells              Type           Power      Damage    Failure   Level
a - Sandblast             Erth           84%        2d18      1%          1
b - Stone Arrow           Conj/Erth      62%        3d10      2%          3

Your spell library contained the following spells:

 Spells                   Type           Power      Damage    Failure   Level
 Magic Dart               Conj           84%        1d7       3%          1
 Passwall                 Tmut/Erth      23%        N/A       1%          2
 Foxfire                  Conj/Fire      52%        2x1d6     6%          1
 Petrify                  Tmut/Erth      28%        N/A       13%         4
 Conjure Flame            Conj/Fire      13%        6-21      19%         3
 Animate Armour           Summ/Erth      48%        N/A       21%         4
 Gell's Gravitas          Tloc           6%         N/A       38%         3
 Inner Flame              Hex/Fire       6%         N/A       38%         3
 Lesser Beckoning         Tloc           6%         N/A       38%         3
 Teleport Other           Tloc           6%         N/A       38%         3
 Flame Wave               Conj/Fire      13%        2d6       54%         4
 Irradiate                Conj/Tmut      8%         3d14      75%         5
 Iron Shot                Conj/Erth      15%        9d4       80%         6
 Blade Hands              Tmut           7%         N/A       86%         5
 Sublimation of Blood     Necr           Unusable   N/A       N/A         2

Dungeon Overview and Level Annotations

Branches:
Dungeon (6/15)             Temple (1/1) D:5

Altars:
Ashenzari
Cheibriados
Dithmenos
Elyvilon
Fedhas
Gozag
Hepliaklqana
Makhleb
Nemelex Xobeh
Okawaru
Qazlal
Ru
Sif Muna
Trog
Uskayaw
Vehumet
Wu Jian
Xom
Zin
The Shining One

Shops:
D:5 [   D:6 [

Portals:
Abyss: D:3

Annotations:
D:3 1 transporter


Innate Abilities, Weirdness & Mutations

You are immune to sickness and miasma.
Your stone body is resilient. (AC +6)
You are immune to poison.
You resist negative energy. (rN+)
You are resistant to electric shocks. (rElec)
You are resistant to unholy torment.
You are immune to petrification.


Message History

Jimonade's ghost is heavily damaged.
The quasit bites you but does no damage.
The quasit claws you but does no damage. x2
Jimonade's ghost misses you.
Aiming: Sandblast (safe; 1% risk of failure)
Press: ? - help, Q - select action, (/) - cycle Shift-Dir - straight line, f/p - jimonade's ghost
Aim: jimonade's ghost, wielding a weapon of draining (heavily damaged, 76% to hit)
The blast of sand hits jimonade's ghost!
Jimonade's ghost is almost destroyed.
The quasit misses you. You block the quasit's attack.
The quasit barely misses you.
Jimonade's ghost hits you but does no damage.
You block the quasit's attack.
The quasit claws you but does no damage. x2
Jimonade's ghost hits you but does no damage.
Aiming: Sandblast (safe; 1% risk of failure)
Press: ? - help, Q - select action, (/) - cycle Shift-Dir - straight line, f/p - jimonade's ghost
Aim: jimonade's ghost, wielding a weapon of draining (almost destroyed, 76% to hit)
The blast of sand hits jimonade's ghost!
You destroy jimonade's ghost!
Vehumet accepts your kill. The quasit barely misses you.
The quasit completely misses you.
The quasit closely misses you. x2; You block the quasit's attack.
The quasit closely misses you.
You have reached level 9!
Your experience leads to an increase in your attributes!
Increase (S)trength, (I)ntelligence, or (D)exterity?
You feel clever. x2
Aiming: Sandblast (safe; 1% risk of failure)
Press: ? - help, Q - select action, (/) - cycle Shift-Dir - straight line, f - kobold brigand
Aim: a kobold brigand, wielding a +1 dagger of distortion (81% to hit)
The blast of sand hits the kobold brigand!!
The kobold brigand is severely wounded.
The quasit bites you.
You feel clumsy.
The quasit claws you but does no damage. x2
The kobold brigand hits you but does no damage.
Space warps horribly around you!!
Ouch! That really hurt!
You die...

...###.##....#..##........#.# #..
...## ..###.##..##........#.# #.#
....###...###.##.##.......#.# #.#
......#).#.©?#....#©......#.# #.#
.....##.#...###..##..######.###..
....##...... #.##...# ###_###
...## ..####.##.#....# #...##
#..#.#5 #..##..5##...# ####'###
#..##W###...###K@#...# ##.#...#.
#...###.......####...####_.'.8.'.
#.......................##.#...#.
#........................####)###
.#..............##.##....# #...#
.#........########.##.#######_##
.#######.#########.##.# #.###
.....# #.......).#.##.# #..#
####.###########.#.#..#####..####


You could see a kobold brigand and a quasit.

Vanquished Creatures
  Edmund (D:6)
  An orc warrior (D:6)
  2 ogres
  A phantom (D:5)
  2 centaurs
  The ghost of jimonade the Sneak, an amateur KoBr (D:3)
  2 scorpions (D:6)
  A bullfrog (D:6)
  A small abomination (D:3)
  4 hounds (D:5)
  2 orc priests
  A jelly (D:4)
  Ijyb (D:4)
  3 iguanas
  6 orc wizards
  12 gnolls
  8 adders
  A white imp (D:5)
  2 ufetubi
  2 worms
  A dart slug (D:3)
  27 orcs
  6 ball pythons
  3 endoplasms
  2 giant cockroaches
  4 goblins
  5 hobgoblins
  7 kobolds
  2 quokkas
  8 bats
  3 frilled lizards
  6 rats
128 creatures vanquished.

Notes
Turn   | Place    | Note
-------+----------+-------------------------------------------
     0 | D:1      | groovy9 the Gargoyle Earth Elementalist began the quest for
                  | the Orb.
     0 | D:1      | Reached XP level 1. HP: 10/10 MP: 3/3
   120 | D:1      | Reached skill level 1 in Transmutations
   177 | D:1      | Found a faded altar of an unknown god.
   205 | D:1      | Reached XP level 2. HP: 15/15 MP: 3/5
   468 | D:1      | Reached skill level 4 in Earth Magic
  1090 | D:2      | Reached XP level 3. HP: 19/19 MP: 4/6
  1754 | D:3      | Reached XP level 4. HP: 20/24 MP: 3/8
  1795 | D:3      | Reached skill level 1 in Conjurations
  2133 | D:3      | Reached XP level 5. HP: 13/28 MP: 5/9
  2350 | D:3      | Found a one-way gate to the infinite horrors of the Abyss.
  2350 | D:3      | Noticed jimonade's ghost (amateur KoBr)
  2442 | D:3      | Found a shimmering blue altar of Sif Muna.
  2466 | D:3      | Found a snail-covered altar of Cheibriados.
  2471 | D:3      | Found a glowing golden altar of the Shining One.
  2495 | D:3      | Reached skill level 5 in Earth Magic
  2766 | D:3      | Found a transporter.
  2777 | D:3      | Noticed a kobold brigand
  2795 | D:3      | Found a transporter.
  3673 | D:4      | Noticed an ogre
  3687 | D:4      | Reached XP level 6. HP: 32/32 MP: 9/11
  3841 | D:4      | Noticed Ijyb
  3848 | D:4      | Killed Ijyb
  4105 | D:4      | Reached skill level 6 in Earth Magic
  4247 | D:4      | Reached XP level 7. HP: 36/36 MP: 10/13
  4364 | D:5      | Entered Level 5 of the Dungeon
  4444 | D:5      | Found Opemn's Armour Boutique.
  4478 | D:5      | Found a staircase to the Ecumenical Temple.
  4486 | Temple   | Entered the Ecumenical Temple
  4584 | Temple   | Became a worshipper of Vehumet
  4672 | D:5      | Reached skill level 7 in Earth Magic
  4912 | D:5      | Reached skill level 5 in Spellcasting
  4987 | D:5      | Found a blossoming altar of Fedhas.
  5293 | D:5      | Reached XP level 8. HP: 34/41 MP: 9/16
  5455 | D:5      | Reached skill level 8 in Earth Magic
  5738 | D:5      | Bought a +0 pair of gloves for 63 gold pieces
  6135 | D:6      | Learned a level 3 spell: Stone Arrow
  6151 | D:6      | Noticed Edmund
  6164 | D:6      | Killed Edmund
  6286 | D:6      | Reached skill level 9 in Earth Magic
  6333 | D:6      | Reached * piety under Vehumet
  6333 | D:6      | Offered knowledge of Magic Dart by Vehumet.
  6438 | D:6      | Found Etyroab's Antique Armour Boutique.
  6515 | D:6      | Bought a runed buckler for 210 gold pieces
  6943 | D:3      | Killed jimonade's ghost
  6944 | D:3      | Reached XP level 9. HP: 24/45 MP: 11/19
  6944 | D:3      | Slain by a kobold brigand

Illustrated notes

Levels and vault maps discovered:
D:1:      dpeg_arrival_another_circle, layout_loops_ring,
          shapermc_ecumenical_altar_starsandcircs,
          hangedman_abyss_or_decor_lesser_grid, minivault_24
D:2:      layout_basic
D:3:      layout_basic, grunt_temple_overflow_diamond,
          gammafunk_ghost_abyssal_escape
D:4:      layout_loops_ring, uniq_ijyb
D:5:      layout_gridville, fedhas_ov_isle_minmay, minmay_temple_entry_ruins,
          serial_shops, nicolae_shop_trees
D:6:      layout_basic, serial_shops, shop_fountains, uniq_edmund
Temple:   mainiacjoe_temple_bowtie_tessellation

Skill      XL: |  1  2  3  4  5  6  7  8 |
---------------+-------------------------+-----
Transmutations | 1 2 |  2.1
Earth Magic    | 4 5 6 7 9 |  9.4
Conjurations   | 1 3 |  3.8
Spellcasting   | 3 4 5 6 |  6.8
Dodging        | |  1.5
Stealth        | |  2.1

Action                   |  1- 3 |  4- 6 |  7- 9 || total
-------------------------+-------+-------+-------++-------
 Cast: Sandblast         |    44 |    81 |   107 ||   232
       Stone Arrow       |       |       |     2 ||     2
  Use: Scroll            |     4 |     3 |     1 ||     8
       Potion            |       |     3 |     1 ||     4
Armor: Robe              |     3 |    20 |    27 ||    50
Dodge: Dodged            |     5 |    16 |    34 ||    55
Block: Buckler           |       |       |     9 ||     9
